 Dungeon Crawl Stone Soup version 0.31-a0-344-gd109795599 (webtiles) character file.

Game seed: 4742466815587135208

2352 drugrobin the Basher (level 9, -16/68 HPs)
             Began as a Demigod Delver on July 22, 2023.
             Demolished by an orc warrior
             ... wielding a +0 battleaxe
              (19 damage)
             ... on level 7 of the Dungeon.
             The game lasted 00:23:21 (6728 turns).

drugrobin the Basher (Demigod Delver)               Turns: 6728, Time: 00:23:22

Health: -16/68     AC:  6    Str: 25    XL:     9   Next: 0%
Magic:  18/18      EV: 12    Int: 12    God:
Gold:   160        SH:  0    Dex: 15    Spells: 11/16 levels left

rFire   . . .        a - +1 whip (elec)
rCold   . . .        (no shield)
rNeg    . . .        B - +0 troll leather armour {Pargi}
rPois   .            q - +0 helmet
rElec   .            (no cloak)
rCorr   .            w - +0 pair of gloves
SInv    .            (no boots)
Will    .....        (no amulet)
Stlth   +++          (no ring)
HPRegen 1.11/turn    (no ring)
MPRegen 0.16/turn

%: no passive effects
@: hasted, very quick
A: high MP 1, forlorn, divine attributes
a: no special abilities


You were on level 7 of the Dungeon.
You visited 1 branch of the dungeon, and saw 7 of its levels.

You collected 380 gold pieces.
You spent 220 gold pieces at shops.

Inventory:

Hand Weapons
 a - a +1 whip of electrocution (weapon)
 b - a +2 trident of venom
 c - a +0 sling
 d - a +0 short sword of venom
 e - a +0 flail
 z - a +1 whip of distortion
Missiles
 u - 2 boomerangs
 E - 6 poisoned darts
 F - a throwing net
 H - a curare-tipped dart
Armour
 q - a +0 helmet (worn)
 w - a +0 pair of gloves (worn)
 A - a +1 robe of willpower
 B - a +0 troll leather armour (worn) {Pargi}
 J - the +10 plate armour "Osaessytsot" {rN+ Will+ Str+4}
   (You found it on level 7 of the Dungeon)

   Str:       It affects your strength (+4).
   rN:        It protects you from negative energy.
   Will:      It increases your willpower.
Talismans
 v - a beast talisman
Wands
 g - a wand of digging (1)
 G - a wand of mindburst (8)
Scrolls
 h - 2 scrolls of identify
 i - a scroll of blinking {unknown}
 k - a scroll of noise {unknown}
 n - 2 scrolls of poison {unknown}
 p - 2 scrolls of vulnerability
 r - a scroll of torment {unknown}
 t - a scroll of fog
 x - 2 scrolls of immolation
 y - a scroll of enchant armour {unknown}
 C - a scroll of silence {unknown}
 I - a scroll of teleportation {unknown}
Potions
 f - 2 potions of haste
 j - 2 potions of enlightenment {unknown}
 l - 2 potions of degeneration {unknown}
 m - 2 potions of lignification {unknown}
 o - 3 potions of heal wounds {unknown}
 s - 2 potions of mutation {unknown}
 D - a potion of curing {unknown}


   Skills:
 - Level 2.6 Fighting
 + Level 9.1 Maces & Flails
 - Level 1.7 Dodging
 - Level 4.5 Stealth
 - Level 4.0 Spellcasting
 - Level 2.9 Air Magic
 - Level 4.0 Evocations


You had 11 spell levels left.
You knew the following spells:

 Your Spells              Type           Power      Damage    Failure   Level
a - Shock                 Conj/Air       20%        1d4       14%         1
b - Summon Small Mammal   Summ           8%         N/A       26%         1
c - Swiftness             Air            9%         N/A       22%         3

Your spell library contained the following spells:

 Spells                   Type           Power      Damage    Failure   Level
 Apportation              Tloc           4%         N/A       26%         1
 Necrotise                Necr           8%         1d4       26%         1
 Airstrike                Air            4%         2d(1-17)  58%         4


Dungeon Overview and Level Annotations

Branches:
Dungeon (7/15)             Temple (0/1) D:4

Shops:
D:4 :

Annotations:
D:6 exclusions: deep elf pyromancer and steam dragon


Innate Abilities, Weirdness & Mutations

You have an increased reservoir of magic. (+10% MP)
You shall have no god before yourself.
Your divine heritage dramatically boosts your attributes as you level up.


Message History

You hit the orc warrior.
The orc warrior is almost dead.
The orc closely misses you. The orc warrior closely misses you.
You closely miss the orc warrior.
The orc warrior is almost dead.
You hit the orc warrior but do no damage.
The orc warrior is almost dead.
The orc warrior hits you with a +0 battleaxe!
The orc misses you.
You hit the orc warrior.
The orc warrior is almost dead.
The orc warrior barely misses you. The orc misses you.
You barely miss the orc warrior.
The orc warrior is almost dead.
You barely miss the orc warrior.
The orc warrior is almost dead.
The orc hits you with a +0 falchion.
The orc warrior hits you but does no damage.
You closely miss the orc warrior.
The orc warrior is almost dead.
The orc closely misses you.
The orc warrior hits you with a +0 battleaxe!
* * * LOW HITPOINT WARNING * * *
You hit the orc warrior but do no damage.
The orc warrior is almost dead.
You hit the orc warrior.
You punch the orc warrior, but do no damage.
The orc warrior is almost dead.
The orc warrior barely misses you. The orc barely misses you.
You barely miss the orc warrior.
The orc warrior is almost dead.
The orc closely misses you.
The orc warrior hits you with a +0 battleaxe!
* * * LOW HITPOINT WARNING * * *
Unknown command.
Okay, then.
Unknown command.
You feel yourself speed up.
The orc warrior hits you with a +0 battleaxe!!
You die...

##§≈##≈....#
.≈#§≈§≈#....##
≈≈≈≈> ≈#....#
. ≈§§.§≈#..?.#
.. §§§≈§#≈...#
..§##§+#§≈≈..#
...≈.≈.§§§≈§.#
....)≈.§≈o...#
........@o.≈.#
.........o####
###########


You could see an orc warrior and 2 orcs.

Vanquished Creatures
  Sigmund (D:6)
  Eustachio (D:4)
  A steam dragon (D:6)
  Menkaure (D:6)
  A water moccasin (D:6)
  Pargi (D:3)
  3 ice beasts
  A centaur (D:5)
  An ogre (D:4)
  A kobold brigand (D:6)
  A phantom (D:5)
  Blork the orc (D:6)
  4 scorpions
  A howler monkey (D:4)
  2 hounds
  3 jellies
  A sleepcap (D:6)
  4 orc priests
  2 iguanas
  An orc wizard (D:6)
  Robin (D:4)
  7 adders
  5 gnolls
  2 shadow imps
  3 ufetubi
  4 worms
  14 orcs
  5 bats
  14 endoplasms
  7 giant cockroaches
  11 hobgoblins
  5 jackals
  19 kobolds
  A quokka (D:3)
  13 ball pythons
  4 frilled lizards
  16 goblins
  10 rats
173 creatures vanquished.

Vanquished Creatures (collateral kills)
  An orc (D:3)
1 creature vanquished.

Grand Total: 174 creatures vanquished

Notes
Turn   | Place    | Note
-------+----------+-------------------------------------------
     0 | D:5      | drugrobin the Demigod Delver began the quest for the Orb.
     0 | D:5      | Reached XP level 1. HP: 18/18 MP: 3/3
    22 | D:5      | Noticed a scorpion
    98 | D:4      | Reached skill level 2 in Maces & Flails
   120 | D:5      | Noticed a scorpion
   343 | D:1      | Reached XP level 2. HP: 25/25 MP: 4/4
   698 | D:2      | Reached skill level 3 in Maces & Flails
   784 | D:1      | Reached XP level 3. HP: 30/30 MP: 5/5
  1602 | D:2      | Learned a level 1 spell: Summon Small Mammal
  1625 | D:2      | Reached skill level 4 in Maces & Flails
  1689 | D:2      | Reached XP level 4. HP: 37/37 MP: 6/6
  2604 | D:3      | Noticed Pargi
  2677 | D:3      | Reached skill level 5 in Maces & Flails
  2821 | D:3      | Reached XP level 5. HP: 31/42 MP: 7/7
  3235 | D:3      | HP: 1/42 [Pargi (2)]
  3236 | D:3      | Killed Pargi
  3494 | D:4      | Noticed an ogre
  3495 | D:4      | Noticed Robin
  3612 | D:4      | Found a staircase to the Ecumenical Temple.
  3647 | D:4      | Killed an ogre
  3648 | D:4      | Reached skill level 6 in Maces & Flails
  3648 | D:4      | Reached XP level 6. HP: 50/50 MP: 8/8
  3732 | D:4      | Killed Robin
  3977 | D:4      | Noticed Eustachio
  4046 | D:4      | Killed Eustachio
  4047 | D:4      | Reached skill level 1 in Spellcasting
  4296 | D:4      | Found Dufeschu's Book Boutique.
  4302 | D:4      | Bought a book of Air for 220 gold pieces
  4304 | D:4      | Learned a level 1 spell: Shock
  4308 | D:4      | Learned a level 3 spell: Swiftness
  4491 | D:4      | Reached skill level 7 in Maces & Flails
  4491 | D:4      | Reached XP level 7. HP: 45/56 MP: 11/13
  4539 | D:4      | Reached skill level 1 in Air Magic
  4823 | D:5      | Reached XP level 8. HP: 62/62 MP: 11/16
  5138 | D:6      | Noticed Sigmund
  5144 | D:6      | Noticed Menkaure
  5272 | D:6      | Killed Menkaure
  5273 | D:6      | Reached skill level 1 in Evocations
  5326 | D:6      | Killed Sigmund
  5327 | D:6      | Reached skill level 8 in Maces & Flails
  5477 | D:6      | Noticed a deep elf pyromancer
  6168 | D:6      | Noticed Blork the orc
  6181 | D:6      | Killed Blork the orc
  6605 | D:7      | Reached skill level 9 in Maces & Flails
  6654 | D:7      | Reached XP level 9. HP: 56/68 MP: 12/18
  6694 | D:7      | Identified the +10 plate armour "Osaessytsot" {rN+ Will+
                  | Str+4}
  6727 | D:7      | HP: 2/68 [orc warrior/+0 battleaxe (16)]
  6728 | D:7      | Demolished by an orc warrior

Illustrated notes

Levels and vault maps discovered:
D:1:      dpeg_arrival_another_circle, layout_loops_ring, minmay_bisected
D:2:      minmay_recursive_quarters, layout_rooms
D:3:      layout_basic, good_gods_temple_1, serial_bayou_lagoon_a,
          minmay_joined_circles, uniq_pargi
D:4:      layout_loops_ring, minmay_temple_entry_grid, serial_shops, shop,
          chequers_serial_rivers_micro_a, uniq_eustachio, uniq_robin
D:5:      layout_rooms
D:6:      layout_basic, guppyfry_early_elven_hall, uniq_menkaure, uniq_sigmund,
          uniq_blork_the_orc
D:7:      layout_basic, nicolae_qazlal_general_emergency, nzn_ghost_randoct

Skill      XL: |  1  2  3  4  5  6  7  8 |
---------------+-------------------------+-----
Maces & Flails | 2 3 4 5 6 7 9 |  9.1
Spellcasting   | 2 3 4 |  4.0
Air Magic      | 2 |  2.9
Evocations     | 4 |  4.0
Fighting       | |  2.6
Dodging        | |  1.7
Stealth        | |  4.5

Action                     |  1- 3 |  4- 6 |  7- 9 || total
---------------------------+-------+-------+-------++-------
  Melee: Whip              |    92 |   222 |   206 ||   520
         Mace              |     2 |     3 |       ||     5
         Punch             |     1 |       |     5 ||     6
         Halberd           |    60 |    54 |       ||   114
         Flail             |       |     1 |       ||     1
         Trident           |       |    35 |    25 ||    60
  Throw: Dart              |       |     8 |     3 ||    11
         Boomerang         |       |       |     1 ||     1
         Throwing net      |       |       |     1 ||     1
   Cast: Summon Small Mamm |       |     7 |     9 ||    16
         Shock             |       |       |    11 ||    11
  Evoke: Wand              |     2 |       |     2 ||     4
    Use: Scroll            |     1 |     2 |     1 ||     4
         Potion            |       |       |     1 ||     1
   Stab: Sleeping          |     5 |     7 |     3 ||    15
         Distracted        |     1 |     2 |       ||     3
         Held in net/web   |       |       |     1 ||     1
 Armour: Leather armour    |    51 |    66 |       ||   117
         Scale mail        |    17 |       |       ||    17
         Troll leather arm |       |    41 |    55 ||    96
  Dodge: Dodged            |   120 |   194 |   125 ||   439

Table legend: (Time is in decaauts)
 A = Elapsed time spent in this place.
 B = Non-inter-level travel time spent in this place.
 C = Inter-level travel time spent in this place.
 D = Time resting spent in this place.
 E = Time spent auto-exploring this place.
 F = Levels seen in this place.
 G = Mean time per level.
                   A        B        C        D        E       F      G
               +--------+--------+--------+--------+--------+-----+--------+
         Total |   6705 |   6310 |    395 |    474 |   3513 |   7 |  957.9 |
       Dungeon |   6705 |   6310 |    395 |    474 |   3513 |   7 |  957.9 |
               +--------+--------+--------+--------+--------+-----+--------+

Top non-repeatable levels by time:
     D:3: 1480 daAuts
     D:6: 1316 daAuts
     D:4: 1162 daAuts
     D:1: 1138 daAuts
     D:2: 890 daAuts
     D:5: 469 daAuts
     D:7: 248 daAuts
